Map: Lerilak Crest

Players

Javert - Winner!

  • Race: Zerg Zerg
  • League: Grandmaster

InstantGG

  • Race: Zerg Zerg
  • League: Grandmaster

VOD

Have the link to the VOD?

Description

Time

  • Played on: Sept. 23, 2015, 11:43 p.m.
  • Length: 12:27
Show
View Real Time Build Order
Export as new Build Order

Javert Zerg - Winner!

Build Orders: Pool First 

Get SALT Encoding   

  12  0:02  Drone  
  13  0:15  Overlord  
  13  0:18  Drone  
  14  0:33  Drone x2  
  16  0:37  Drone  
  17  0:45  Spawning Pool  
  16  0:56  Drone  
  17  1:12  Drone  
  17  1:13  Hatchery  
  17  1:20  Extractor  
  16  1:33  Roach Warren, Queen  
  16  1:38  Drone  
  18  1:43  Drone x2  
  20  1:51  Drone  
  21  2:02  Overlord  
  21  2:23  Roach x2  
  21  2:28  Queen  
  21  2:29  Roach  
  29  2:38  Roach x2  
  33  2:44  Overlord  
  33  2:46  Drone x3  
  36  3:05  Overlord  
  36  3:09  Drone x4  
  40  3:20  Baneling Nest  
  40  3:21  Drone x2  
  40  3:22  Drone x2  
  43  3:29  Metabolic Boost  
  43  3:37  Drone x4  
  47  3:52  Drone x5  
  52  4:07  Overlord  
  52  4:08  Overlord  
  52  4:10  Extractor  
  52  4:11  Extractor  
  52  4:14  Roach  
  52  4:20  Evolution Chamber  
  52  4:22  Evolution Chamber  
  48  4:37  Roach x4  
  48  4:38  Roach x3  
  62  4:52  Extractor  
  61  4:55  Drone x4, Overlord  
  61  4:56  Overlord  
  65  5:00  Lair  
  65  5:05  Drone x3  
  68  5:11  Overlord  
  68  5:16  Zerg Missile Weapons Level 1  
  69  5:21  Zergling x2  
  69  5:22  Zergling x8  
  69  5:26  Drone  
  69  5:27  Drone  
  75  5:40  Baneling  
  75  5:41  Baneling x9  
  75  5:45  Drone x4  
  79  5:52  Roach x2  
  79  5:53  Roach  
  85  5:59  Overlord  
  85  6:01  Glial Reconstitution  
  85  6:06  Drone x2  
  85  6:07  Drone  
  81  6:39  Roach x7  
  91  6:47  Overlord x3  
  91  6:59  Overlord  
  77  7:02  Roach  
  77  7:03  Roach x3  
  77  7:06  Zerg Ground Armor Level 1  
  73  7:12  Hydralisk Den  
  73  7:14  Drone  
  73  7:15  Drone  
  74  7:18  Hatchery  
  74  7:19  Burrow  
  73  7:24  Drone x2  
  73  7:29  Queen  
  77  7:30  Zerg Missile Weapons Level 2  
  77  7:37  Lurker Den  
  77  7:38  Drone x6  
  83  7:48  Drone x3  
  86  7:57  Roach  
  86  7:58  Overlord  
  86  8:00  Roach x3  
  92  8:14  Ravager x2  
  92  8:15  Ravager x3  
  96  8:20  Roach x5  
  96  8:21  Roach x2  
  110  8:38  Drone x7  
  117  8:41  Hydralisk  
  117  8:46  Queen  
  121  8:56  Overlord  
  121  8:59  Hatchery, Extractor  
  121  9:02  Extractor  
  118  9:07  Hydralisk  
  118  9:08  Hydralisk x5  
  130  9:13  Extractor  
  130  9:14  Extractor  
  119  9:30  Roach x4  
  119  9:31  Roach x6  
  124  9:34  Lurker x2  
  124  9:35  Lurker  
  127  9:39  Drone  
  127  9:40  Drone x3  
  127  9:41  Drone  
  132  9:49  Roach x11  
  138  9:58  Muscular Augments  
  138  10:06  Overlord x2  
  138  10:09  Overseer  
  138  10:13  Roach  
  144  10:14  Roach x2  
  144  10:16  Overlord x2  
  144  10:24  Overlord x2  
  128  10:51  Roach x3  
  128  10:53  Roach  
  128  10:54  Roach x11  
  128  11:03  Drone  
  128  11:04  Drone  
  128  11:07  Overlord x2  
  128  11:32  Spine Crawler  
  128  11:34  Spine Crawler  
  128  11:36  Spine Crawler  
  128  11:38  Hydralisk  
  128  11:39  Hydralisk x7  
  128  11:42  Overlord  
  128  11:51  Infestation Pit  
  128  11:53  Drone x4  
  128  11:54  Drone x2  
Show
View Real Time Build Order
Export as new Build Order

InstantGG Zerg 

Build Orders: Hatch First 

Get SALT Encoding   

  12  0:01  Drone  
  13  0:12  Overlord  
  13  0:16  Drone  
  14  0:30  Drone x2  
  16  0:43  Drone  
  17  0:53  Hatchery  
  16  0:57  Drone  
  16  0:59  Drone  
  18  1:18  Drone, Spawning Pool  
  18  1:24  Drone  
  19  1:39  Extractor  
  18  1:42  Drone x2  
  20  2:05  Zergling x2, Queen  
  20  2:06  Queen, Zergling x2  
  20  2:07  Zergling x2  
  27  2:13  Overlord  
  27  2:17  Drone  
  28  2:38  Metabolic Boost  
  28  2:40  Queen  
  28  2:41  Drone x2  
  28  2:42  Queen  
  34  2:49  Drone x2  
  36  2:51  Overlord  
  35  3:04  Spine Crawler  
  34  3:06  Spine Crawler  
  34  3:07  Drone  
  34  3:19  Spine Crawler  
  33  3:31  Drone x2  
  33  3:33  Drone  
  36  3:34  Drone x2  
  36  3:35  Drone  
  36  3:36  Zergling x4  
  36  3:37  Zergling x2  
  42  3:46  Lair  
  42  3:48  Drone  
  43  3:56  Overlord  
  43  4:11  Hatchery  
  43  4:15  Drone  
  43  4:16  Drone x3  
  46  4:27  Drone x2  
  46  4:28  Drone x3  
  51  4:38  Drone  
  52  4:39  Evolution Chamber x2, Overlord  
  50  4:50  Drone x2  
  50  4:52  Overlord x2, Extractor  
  52  4:53  Extractor  
  52  4:58  Roach Warren  
  49  5:08  Zerg Missile Weapons Level 1  
  49  5:12  Zerg Ground Armor Level 1  
  49  5:34  Overseer  
  49  5:47  Overlord x2  
  49  5:48  Overlord, Drone  
  49  5:49  Drone x2  
  52  5:51  Drone x5  
  52  5:52  Drone x7  
  52  5:53  Drone x4  
  68  5:59  Drone x2  
  68  6:00  Hydralisk Den  
  69  6:08  Roach x3  
  75  6:12  Roach  
  75  6:17  Roach  
  78  6:25  Roach x2  
  74  6:33  Roach x2  
  74  6:37  Zergling x2  
  74  6:38  Zergling x22  
  75  6:46  Roach  
  75  6:47  Roach  
  75  6:53  Roach  
  74  6:55  Zergling x6  
  70  7:01  Extractor  
  70  7:02  Extractor  
  70  7:04  Queen  
  67  7:10  Drone x3  
  67  7:11  Drone  
  67  7:12  Queen  
  73  7:15  Unknown  
  73  7:17  Hydralisk  
  75  7:25  Drone x4  
  75  7:29  Queen  
  81  7:33  Drone  
  81  7:45  Drone  
  81  7:46  Drone x7  
  81  7:49  Extractor  
  81  7:51  Overlord  
  88  8:03  Hydralisk x3  
  88  8:04  Hatchery  
  93  8:07  Lurker Den  
  93  8:12  Hydralisk  
  93  8:13  Hydralisk x2  
  93  8:15  Overlord x3  
  93  8:16  Overlord  
  99  8:32  Hydralisk x3  
  105  8:34  Overlord  
  105  8:35  Hydralisk  
  105  8:36  Hydralisk  
  105  8:41  Hydralisk x2  
  113  8:48  Hydralisk x2  
  113  8:52  Zerg Missile Weapons Level 2  
  117  9:02  Zerg Ground Armor Level 2  
  117  9:07  Hydralisk  
  117  9:08  Hydralisk x2  
  119  9:18  Hydralisk x4  
  119  9:20  Roach  
  122  9:24  Hydralisk  
  122  9:26  Roach  
  112  9:39  Glial Reconstitution, Muscular Augments  
  112  9:42  Drone x5  
  112  9:43  Drone x2  
  119  10:00  Infestation Pit  
  119  10:05  Hydralisk  
  119  10:06  Hydralisk x3  
  126  10:13  Drone  
  126  10:14  Drone x4  
  131  10:17  Extractor x2  
  131  10:19  Spore Crawler  
  128  10:23  Hatchery  
  128  10:26  Hydralisk x3  
  131  10:35  Roach x5  
  123  10:41  Roach x3  
  101  10:45  Hydralisk  
  101  10:49  Roach  
Tags
 
Add a new tag
Caveats
  • Supply blocks, unpowered buildings, or Contaminate may cause inaccurate times.
  • Supply counts are checked every 10 seconds.